AoeStats
← waLLefps.

Arena

507121964Analyzed
4v4 RM · 16d ago on Sep 16, 2026· 39m 13s· 8 players
Game mode
Random Map
Map size
Large (8 player)
Population
200
Speed
Normal
Resources
Standard
Victory
Conquest
Starting age
Dark Age
Ending age
Imperial Age
RankedLock teamsTeams togetherTeam positionsShared explorationLock speedFull tech treeHidden civsTurbo modeCheats
Victory
Defeat
🇹🇷 Turks · Türkiye
1472
+13
🇹🇷 Romans · Türkiye
1472
+13
🇹🇷 Burgundians · Türkiye
1465
+13
🇹🇷 Khmer · Türkiye
1438
+14
🇩🇪 Vietnamese · Germany
1448
-14
🇨🇭 Khmer · Switzerland
1413
-14
🇦🇷 Britons · Argentina
1384
-13
🇩🇪 Persians · Germany
1376
-12
[H A R D] postrusher
10:52 Feudal Age
11:00 Feudal Age
13:43 Castle Age
11:37 Double-Bit Axe
11:42 Horse Collar
12:09 Double-Bit Axe
16:36 Bow Saw
17:38 Heavy Plow
22:27 Wheelbarrow
22:47 Gold Mining
27:30 Imperial Age
25:19 Hand Cart
24:51 Loom
24:53 Town Watch
26:24 Gold Shaft Mining
26:20 Bloodlines
26:10 Husbandry
26:26 Masonry
27:29 Scale Barding Armor
28:39 Chain Barding Armor
28:29 Forging
29:01 Crop Rotation
29:27 Fletching
30:13 Iron Casting
31:16 Architecture
33:15 Town Patrol
34:23 Elite Battle Elephant
38:26 Plate Barding Armor
38:52 Blast Furnace
37:48 Bodkin Arrow
38:46 Onager
AncientKing
6:52 Loom
11:22 Feudal Age
12:50 Double-Bit Axe
15:37 Castle Age
14:58 Town Watch
16:15 Horse Collar
16:50 Bow Saw
23:53 Wheelbarrow
23:24 Horse Collar
24:30 Heavy Plow
25:17 Fortified Wall
27:17 Hand Cart
32:40 Imperial Age
30:14 Gold Mining
30:19 Stone Mining
30:46 Fletching
31:26 Ballistics
32:02 Stone Shaft Mining
31:52 Bodkin Arrow
31:57 Padded Archer Armor
32:37 Thumb Ring
33:35 Leather Archer Armor
32:54 Elite Rattan Archer
34:32 Hoardings
34:26 Bracer
35:55 Ring Archer Armor
36:25 Paper Money
39:32 Two-Man Saw
Caram
10:24 Feudal Age
14:01 Castle Age
12:20 Double-Bit Axe
13:06 Horse Collar
14:50 Bow Saw
21:13 Heavy Plow
21:56 Wheelbarrow
26:39 Gold Mining
29:49 Imperial Age
27:35 Hand Cart
27:07 Loom
29:21 Scale Barding Armor
29:27 Forging
29:46 Bloodlines
29:36 Husbandry
29:28 Cavalier
30:49 Chain Barding Armor
32:04 Iron Casting
31:50 Savar
33:29 Conscription
34:39 Gold Shaft Mining
33:55 Stone Mining
35:59 Blast Furnace
35:35 Plate Barding Armor
35:39 Light Cavalry
TanjiroK
9:23 Feudal Age
13:27 Castle Age
11:34 Double-Bit Axe
12:01 Horse Collar
17:33 Town Watch
21:00 Wheelbarrow
28:01 Imperial Age
25:37 Padded Archer Armor
26:53 Fletching
27:50 Bodkin Arrow
28:58 Ballistics
28:46 Bracer
30:46 Chemistry
30:05 Leather Archer Armor
31:25 Elite Longbowman
33:12 Yeomen
33:04 Warwolf
34:02 Conscription
34:46 Fortified Wall
34:16 Pikeman
34:57 Squires
34:42 Arson
35:00 Halberdier
36:13 Ring Archer Armor
klostrofobikköstebek
10:10 Feudal Age
14:31 Castle Age
13:17 Double-Bit Axe
13:13 Horse Collar
16:04 Heavy Plow
16:19 Bow Saw
17:31 Loom
21:01 Wheelbarrow
22:11 Hand Cart
26:48 Imperial Age
24:58 Gold Mining
26:38 Ballistas
26:56 Heavy Scorpion
28:38 Chemistry
27:56 Forging
27:47 Scale Mail Armor
27:09 Pikeman
27:50 Squires
28:52 Ballistics
30:33 Iron Casting
30:14 Chain Mail Armor
30:07 Capped Ram
31:17 Siege Engineers
32:18 Siege Ram
33:42 Halberdier
36:48 Blast Furnace
35:55 Scale Barding Armor
37:29 Padded Archer Armor
37:19 Fletching
37:27 Murder Holes
37:43 Fortified Wall
Yokolucu
10:51 Feudal Age
13:38 Castle Age
11:46 Double-Bit Axe
11:53 Horse Collar
14:32 Heavy Plow
14:42 Bow Saw
18:03 Wheelbarrow
25:55 Imperial Age
23:51 Bloodlines
24:03 Husbandry
24:28 Scale Barding Armor
25:53 Chain Barding Armor
26:17 Light Cavalry
27:34 Plate Barding Armor
27:23 Forging
28:30 Hussar
30:04 Iron Casting
35:58 Stone Mining
37:32 Hand Cart
waLLefps.
11:37 Feudal Age
12:49 Double-Bit Axe
15:38 Castle Age
14:07 Horse Collar
16:34 Bow Saw
24:37 Wheelbarrow
24:04 Heavy Plow
24:45 Loom
26:31 Gold Mining
26:39 Stone Mining
28:24 Gold Shaft Mining
30:42 Imperial Age
28:04 Town Watch
29:48 Hand Cart
29:49 Husbandry
30:00 Bloodlines
30:20 Scale Barding Armor
30:16 Padded Archer Armor
30:27 Forging
31:26 Chain Barding Armor
30:56 Fletching
32:36 Two-Man Saw
31:35 Heavy Camel Rider
33:23 Ballistics
33:14 Masonry
33:29 Artillery
33:55 Conscription
34:16 Plate Barding Armor
34:24 Elite Janissary
38:16 Iron Casting
37:59 Leather Archer Armor
40:42 Blast Furnace
Tameryig1t
3:31 Double-Bit Axe
8:51 Wheelbarrow
10:46 Feudal Age
15:00 Castle Age
13:31 Horse Collar
13:55 Scale Mail Armor
14:27 Bow Saw
14:07 Loom
14:43 Arson
14:53 Gold Mining
15:45 Forging
16:54 Squires
20:57 Heavy Plow
26:19 Hand Cart
26:36 Town Watch
32:52 Imperial Age
30:23 Town Patrol
32:34 Iron Casting
32:14 Chain Mail Armor
32:57 Elite Skirmisher
33:29 Fletching
34:41 Blast Furnace
34:53 Chemistry
34:13 Ballistics
34:22 Ballistics
35:04 Conscription
36:05 Bodkin Arrow
37:04 Bracer
37:32 Padded Archer Armor
37:07 Pikeman
38:50 Plate Mail Armor
39:09 Burgundian Vineyards
Connection lost

Rejoining the realm…

Still unreachable

The connection could not be restored.

Session expired

The server has moved on; the page needs a fresh start.